 Dungeon Crawl Stone Soup version 0.30.1-9-gdf580d7c3d (webtiles) character file.

Game seed: 6029829443359235133

1142 tsujin the Purveyor of Pain (level 8, 0/52 (54) HPs)
             Began as a Demonspawn Necromancer on Oct 25, 2023.
             Was an Initiate of Kikubaaqudgha.
             Slain by a two-headed ogre
             ... wielding a +0 giant spiked club
              (25 damage)
             ... on level 5 of the Dungeon.
             The game lasted 00:34:00 (6461 turns).

tsujin the Purveyor of Pain (DsNe)                  Turns: 6461, Time: 00:34:00

HP:   0/52 (54)     AC:  7    Str:  9    XL:     8   Next: 15%
MP:   13/18         EV: 11    Int: 19    God:    Kikubaaqudgha [......]
Gold: 209           SH:  3    Dex: 13    Spells: 13/21 levels left

rFire   . . .        i - +0 dagger (speed)
rCold   . . .        k - +0 buckler
rNeg    . . .        a - +1 robe
rPois   +            (no helmet)
rElec   .            (no cloak)
rCorr   .            e - +1 pair of gloves
SInv    .            (no boots)
Will    .....        (no amulet)
Stlth   ++           j - ring of poison resistance
HPRegen 0.28/turn    (no ring)
MPRegen 0.16/turn

%: random rage (3%)
@: lightly drained
A: rugged brown scales 2, demonic magic 2, berserk 1, deterioration 1
a: Renounce Religion


You were on level 5 of the Dungeon.
You worshipped Kikubaaqudgha.
Kikubaaqudgha was noncommittal.
You visited 2 branches of the dungeon, and saw 7 of its levels.

You collected 209 gold pieces.

Inventory:

Hand Weapons
 i - a +0 dagger of speed (weapon)
Armour
 a - a +1 robe (worn)
 e - a +1 pair of gloves (worn)
 k - a +0 buckler (worn)
Jewellery
 j - a ring of poison resistance (left hand)
Scrolls
 c - a scroll of enchant weapon
 d - a scroll of teleportation
 g - 2 scrolls of vulnerability
 m - a scroll of amnesia
Potions
 b - a potion of magic
 f - 2 potions of mutation
 h - a potion of attraction
 l - a potion of heal wounds


   Skills:
 + Level 2.0 Dodging
 + Level 2.3 Stealth
 + Level 7.1 Spellcasting
 + Level 7.7 Necromancy


You had 13 spell levels left.
You knew the following spells:

 Your Spells              Type           Power      Damage    Failure   Level
a - Necrotise             Necr           100%       1d9       1%          1
b - Animate Dead          Necr           36%        N/A       6%          4
c - Vampiric Draining     Necr           36%        2d8       1%          3

Your spell library contained the following spells:

 Spells                   Type           Power      Damage    Failure   Level
 Agony                    Necr           36%        N/A       19%         5


Dungeon Overview and Level Annotations

Branches:
Dungeon (6/15)             Temple (1/1) D:5

Altars:
Ashenzari
Cheibriados
Dithmenos
Gozag
Hepliaklqana
Kikubaaqudgha
Okawaru
Ru
Sif Muna
Trog
Uskayaw
Vehumet
Yredelemnul

Annotations:
Temple 2 transporters


Innate Abilities, Weirdness & Mutations

You are mostly covered in rugged brown scales. (AC +2, +5% HP)
Spells you cast may paralyse nearby enemies.
You sometimes lose your temper in combat.
Your body sometimes deteriorates upon taking damage.


Message History

The two-headed ogre hits you with a +1 dire flail of protection!!
Casting: Necrotise (safe; 1% risk of failure)
Confirm with . or Enter, or press ? or * to list all spells.
Aiming: Necrotise (safe; 1% risk of failure)
Press: ? - help, Shift-Dir - straight line, f/p - two-headed ogre
Aim: a two-headed ogre, wielding a +0 giant spiked club and a +1 dire flail of protection (chance to affect: 70%)
The two-headed ogre struggles to resist.
Malevolent energies surge around you.
The two-headed ogre suddenly stops moving!
Casting: Necrotise (safe; 1% risk of failure)
Confirm with . or Enter, or press ? or * to list all spells.
Aiming: Necrotise (safe; 1% risk of failure)
Press: ? - help, Shift-Dir - straight line, f/p - two-headed ogre
Aim: a two-headed ogre, wielding a +0 giant spiked club and a +1 dire flail of protection (paralysed, chance to affect: 70%)
The two-headed ogre struggles to resist.
Malevolent energies surge around you.
Casting: Necrotise (safe; 1% risk of failure)
Confirm with . or Enter, or press ? or * to list all spells.
Aiming: Necrotise (safe; 1% risk of failure)
Press: ? - help, Shift-Dir - straight line, f/p - two-headed ogre
Aim: a two-headed ogre, wielding a +0 giant spiked club and a +1 dire flail of protection (paralysed, chance to affect: 70%)
The two-headed ogre writhes in agony!
Malevolent energies surge around you.
Casting: Necrotise (safe; 1% risk of failure)
Confirm with . or Enter, or press ? or * to list all spells.
Aiming: Necrotise (safe; 1% risk of failure)
Press: ? - help, Shift-Dir - straight line, f/p - two-headed ogre
Aim: a two-headed ogre, wielding a +0 giant spiked club and a +1 dire flail of protection (lightly wounded, paralysed, chance to affect: 70%)
The two-headed ogre writhes in agony.
Malevolent energies surge around you.
Casting: Necrotise (safe; 1% risk of failure)
Confirm with . or Enter, or press ? or * to list all spells.
Aiming: Necrotise (safe; 1% risk of failure)
Press: ? - help, Shift-Dir - straight line, f/p - two-headed ogre
Aim: a two-headed ogre, wielding a +0 giant spiked club and a +1 dire flail of protection (moderately wounded, paralysed, chance to affect: 70%)
The two-headed ogre struggles to resist.
Malevolent energies surge around you.
The two-headed ogre is no longer paralysed.
The two-headed ogre attacks as you move away!
The two-headed ogre hits you with a +0 giant spiked club!!
You die...
Kikubaaqudgha rasps: "You have failed me!
Welcome... death!"

##...####.....###.#.#.#.....#.#.#
....####.......#............#.#.#
....###....>....###.#.#.###.#.#.#
........♣.....♣..##.#.#.# #.#.#.#
#.#.###..........##.#.#.# #.#.#.#
#.#.# ##..♣.♣.....[.....# #.#.#..
#.#.# ##.....##.##.#.#.# #.#.###
#.#.# ##...###O##.#.#####.#.#
#.#.# ##.## #@##.#.....#.#.#
..#.#######.####.##...........#
###..............##.#####.....#
#################.# #####.# ###
###


You could see a two-headed ogre.

Vanquished Creatures
  A water moccasin (D:5)
  An ice beast (D:5)
  2 ogres
  A kobold brigand (D:6)
  A bullfrog (D:6)
  3 scorpions
  A killer bee (D:6)
  A jelly (D:5)
  3 hounds (D:5)
  3 iguanas
  2 orc wizards (D:3)
  7 adders
  An ufetubus (D:4)
  7 orcs
  2 ball pythons
  6 bats
  11 endoplasms
  A giant cockroach (D:2)
  11 goblins
  5 hobgoblins
  2 jackals (D:3)
  6 kobolds
  3 quokkas
  3 frilled lizards
  3 rats
87 creatures vanquished.

Vanquished Creatures (collateral kills)
  A hound (D:5)
  An orc (D:6)
  An endoplasm (D:2)
  2 jackals (D:3)
  A rat (D:3)
6 creatures vanquished.

Grand Total: 93 creatures vanquished

Notes
Turn   | Place    | Note
-------+----------+-------------------------------------------
     0 | D:1      | tsujin the Demonspawn Necromancer began the quest for the
                  | Orb.
     0 | D:1      | Reached XP level 1. HP: 13/13 MP: 3/3
   396 | D:1      | Gained mutation: You are partially covered in rugged brown
                  | scales. (AC +1, +3% HP) [demonic ancestry]
   396 | D:1      | Reached XP level 2. HP: 13/19 MP: 1/5
   808 | D:1      | Reached skill level 5 in Necromancy
  1150 | D:1      | Reached XP level 3. HP: 24/24 MP: 3/6
  2328 | D:3      | Gained mutation: Spells you cast may paralyse adjacent
                  | enemies. [demonic ancestry]
  2328 | D:3      | Reached XP level 4. HP: 30/30 MP: 2/8
  2797 | D:3      | Learned a level 4 spell: Animate Dead
  2801 | D:3      | Learned a level 3 spell: Vampiric Draining
  2902 | D:3      | Reached XP level 5. HP: 36/36 MP: 5/10
  3373 | D:4      | Gained mutation: Your body sometimes deteriorates upon
                  | taking damage. [potion of mutation]
  3373 | D:4      | Gained mutation: You sometimes lose your temper in combat.
                  | [potion of mutation]
  3854 | D:4      | Found an iron altar of Okawaru.
  3932 | D:4      | Noticed an ogre
  4139 | D:5      | Entered Level 5 of the Dungeon
  4139 | D:5      | Noticed an ice beast
  4285 | D:5      | Gained mutation: You are mostly covered in rugged brown
                  | scales. (AC +2, +5% HP) [demonic ancestry]
  4285 | D:5      | Reached XP level 6. HP: 26/43 MP: 3/12
  4363 | D:5      | Found a basalt altar of Yredelemnul.
  4718 | D:6      | Reached skill level 5 in Spellcasting
  4782 | D:6      | Reached XP level 7. HP: 48/48 MP: 7/15
  5177 | D:5      | Found a staircase to the Ecumenical Temple.
  5197 | Temple   | Entered the Ecumenical Temple
  5197 | Temple   | Found a transporter.
  5197 | Temple   | Found a transporter.
  5199 | Temple   | Found a transporter.
  5199 | Temple   | Found a transporter.
  5220 | Temple   | Became a worshipper of Kikubaaqudgha
  5540 | D:5      | Found a shadowy altar of Dithmenos.
  5548 | D:5      | Gained mutation: Spells you cast may paralyse nearby
                  | enemies. [demonic ancestry]
  5548 | D:5      | Reached XP level 8. HP: 51/54 MP: 11/18
  6444 | D:6      | Noticed a two-headed ogre
  6461 | D:5      | Slain by a two-headed ogre

Illustrated notes

Levels and vault maps discovered:
D:1:      mrwooster_arrival_statue_2, layout_basic, minmay_tree_intersection
D:2:      layout_basic, minmay_misc_feat_nine_boxes
D:3:      layout_basic
D:4:      layout_basic, lemuel_tele_altar
D:5:      layout_basic, kennysheep_mini,
          nicolae_dithmenos_through_a_glass_darkly, temple_pool_b,
          minmay_door_square, chequers_serial_rivers_small_b, minivault_26,
          grunt_ministairs_9
D:6:      layout_loops_ring, nemelex_diamond_rough_becter,
          gammafunk_temple_overflow_wave, minmay_misc_feat_square,
          lemuel_flamethrower_2
Temple:   hellmonk_temple_divided_pantheon

Skill      XL: |  1  2  3  4  5  6  7 |
---------------+----------------------+-----
Necromancy     | 5 6 7 |  7.7
Stealth        | 2 |  2.3
Spellcasting   | 3 4 5 7 |  7.1
Dodging        | 2 |  2.0

Action                     |  1- 3 |  4- 6 |  7- 9 || total
---------------------------+-------+-------+-------++-------
  Melee: Short sword       |     9 |       |       ||     9
         Dagger            |       |       |     6 ||     6
   Cast: Necrotise         |    72 |    97 |    45 ||   214
         Vampiric Draining |       |       |     6 ||     6
         Animate Dead      |       |       |     1 ||     1
    Use: Scroll            |     5 |     3 |     5 ||    13
         Potion            |     4 |     3 |     1 ||     8
 Armour: Robe              |     6 |     4 |    10 ||    20
  Dodge: Dodged            |    17 |     8 |    20 ||    45
  Block: Buckler           |       |     1 |     3 ||     4
